 Dungeon Crawl Stone Soup version 0.29.0-4-gdea44cf6ec (webtiles) character file.

Game seed: 12762907867688914248

15 qw the Chopper (level 2, -1/17 HPs)
             Began as a Tengu Warper on Aug 28, 2022.
             Slain by a jackal (2 damage)
             ... on level 1 of the Dungeon.
             The game lasted 00:00:01 (268 turns).

qw the Chopper (Tengu Warper)                        Turns: 268, Time: 00:00:02

Health: -1/17      AC:  3    Str: 11    XL:     2   Next: 50%
Magic:  6/6        EV: 11    Int: 13    God:
Gold:   29         SH:  0    Dex: 13    Spells: 5/5 levels left

rFire   . . .      SeeInvis .   a - +0 hand axe
rCold   . . .      Faith    .   (no shield)
rNeg    . . .      Spirit   .   b - +0 leather armour
rPois   .          Reflect  .   (helmet restricted)
rElec   .          Harm     .   (no cloak)
rCorr   .          Rampage  .   (no gloves)
Will    .....                   (boots unavailable)
Stlth   +.........              (no amulet)
HPRegen 0.05/turn               (no ring)
MPRegen 0.10/turn               (no ring)

@: no status effects
A: beak, talons 3
a: no special abilities


You were on level 1 of the Dungeon.
You visited 1 branch of the dungeon, and saw 1 of its levels.

You collected 29 gold pieces.


Innate Abilities, Weirdness & Mutations

You have a beak for a mouth.
You have claws for feet.


   Skills:
 - Level 2.0 Fighting
 + Level 3.3 Axes
 - Level 1.0 Throwing
 - Level 1.1 Armour
 - Level 2.1 Dodging
 - Level 2.0 Spellcasting
 - Level 2.4 Translocations


You had 5 spell levels left.
You didn't know any spells.
Your spell library contained the following spells:

 Spells                   Type           Power      Damage    Failure   Level
 Blink                    Tloc           14%        N/A       19%         2
 Gell's Gravitas          Tloc           7%         N/A       36%         3
 Lesser Beckoning         Tloc           7%         N/A       36%         3
 Teleport Other           Tloc           7%         N/A       36%         3
 Manifold Assault         Tloc           7%         N/A       98%         5

Inventory:

Hand Weapons
 a - a +0 hand axe (weapon)
 e - a +0 club
Armour
 b - a +0 leather armour (worn)
Jewellery
 g - an amulet of guardian spirit
Scrolls
 c - a scroll of blinking
 f - 2 scrolls of fog {unknown}
Potions
 d - a potion of lignification {unknown}

Dungeon Overview and Level Annotations

Branches:
Dungeon (1/15)

Altars:


Message History

You closely miss the jackal. The kobold barely misses you.
The jackal closely misses you. The kobold closely misses you.
You hit the kobold.
You kill the kobold!
You closely miss the jackal. You hit the jackal. The jackal misses you.
The jackal bites you. The jackal barely misses you. The jackal bites you. x2
You hit the jackal. Your peck misses the jackal.
The jackal is almost dead.
You hit the jackal but do no damage. You hit the jackal. The jackal misses you.
The jackal bites you. The jackal misses you. The jackal barely misses you.
You hit the jackal but do no damage. Your kick misses the jackal.
The jackal is severely wounded.
You hit the jackal. You barely miss the jackal. x2
The jackal bites you. x2; The jackal misses you.
The jackal bites you but does no damage.
The jackal barely misses you.
The jackal bites you but does no damage.
You hit the jackal but do no damage. You claw the jackal, but do no damage.
You peck the jackal.
The jackal is almost dead.
You barely miss the jackal. x2; You hit the jackal but do no damage.
The jackal barely misses you.
The jackal bites you but does no damage.
The jackal bites you. x2
The jackal bites you but does no damage.
The jackal closely misses you. The jackal bites you.
You hit the jackal.
You kill the jackal!
You hit the jackal but do no damage. x2; You barely miss the jackal.
The jackal bites you.
The jackal bites you but does no damage.
The jackal barely misses you. The jackal bites you.
You slash the jackal!
You kill the jackal!
You miss the jackal. You hit the jackal but do no damage. The jackal bites you.
You die...

###+# ## .. ...... #####
#.# #..#.# #...# #..
....# #...# #... #...#
#...# #..)### #...####
#...#
.##.....####.....###...#
......h@......##..###...
......)%h...........%...
.................##.....
.>).......###.##.#..#...
..........# #.##>..##...
..........# #.##..#####.
..........# #.#...# #.
.........## #.#.#.. #.
.... )...##.# ..


You could see 2 jackals.

Vanquished Creatures
  2 endoplasms (D:1)
  A goblin (D:1)
  A hobgoblin (D:1)
  2 jackals (D:1)
  2 bats (D:1)
  2 frilled lizards (D:1)
  4 kobolds (D:1)
  2 rats (D:1)
16 creatures vanquished.

Notes
Turn   | Place    | Note
-------+----------+-------------------------------------------
     0 | D:1      | qw the Tengu Warper began the quest for the Orb.
     0 | D:1      | Reached XP level 1. HP: 12/12 MP: 4/4
     0 | D:1      | 0 ||| qw: Version: 0.1-a-89-g26bdef1
     0 | D:1      | 0 ||| qw: Game counter: 901
     0 | D:1      | 0 ||| qw: Always use a shield: true
     0 | D:1      | 0 ||| qw: God list: Okawaru
     0 | D:1      | 0 ||| qw: Allow faded altars: false
     0 | D:1      | 0 ||| qw: Do Orc after D:15 true
     0 | D:1      | 0 ||| qw: Do second Lair branch before Depths: true
     0 | D:1      | 0 ||| qw: Lair rune preference: random
     0 | D:1      | 0 ||| qw: Plans: Normal
     0 | D:1      | 0 ||| PLANNING D:1-11
    65 | D:1      | Reached XP level 2. HP: 17/17 MP: 6/6
    85 | D:1      | Reached skill level 3 in Axes
   125 | D:1      | 125 ||| Stepping ~*~*~tactically~*~*~ (stealth).
   127 | D:1      | 127 ||| Stepping ~*~*~tactically~*~*~ (stealth).
   266 | D:1      | HP: 3/17 [jackal (2)]
   267 | D:1      | HP: 1/17 [jackal (1)]
   268 | D:1      | Slain by a jackal

Levels and vault maps discovered:
D:1:      erik_arrival_triangle_medium, layout_rooms,
          chequers_ecumenical_altar_simple, dk_noncrumbling_4

Skill      XL: |  1  2 |
---------------+-------+-----
Axes           | 3 |  3.3
Fighting       | |  2.0
Throwing       | |  1.0
Armour         | |  1.1
Dodging        | |  2.1
Spellcasting   | |  2.0
Translocations | |  2.4

Action                   || total
-------------------------++-------
Melee: Hand axe          ||    23
       Kick              ||     4
       Punch             ||     2
       Peck              ||     3
Throw: Boomerang         ||     7
Armor: Leather armour    ||    10
Dodge: Dodged            ||    21

Table legend:
 A = Non-vault XP
 B = Vault XP
 C = Vault XP percentage of total XP
 D = Non-vault monster count
 E = Vault monster count
 F = Vault count percentage of total count
                 A         B        C        D         E       F
            +---------+---------+-------+---------+---------+-------
      Total |      24 |       0 |   0.0 |      16 |       0 |   0.0
            +---------+---------+-------+---------+---------+-------
        D:1 |      24 |       0 |   0.0 |      16 |       0 |   0.0
            +---------+---------+-------+---------+---------+-------
